AoeStats
← K

Arabia

510328234Analyzed
4v4 RM · 2d ago on Sep 30, 2026· 21m 36s· 8 players
Game mode
Random Map
Map size
Large (8 player)
Population
200
Speed
Normal
Resources
Standard
Victory
Conquest
Starting age
Dark Age
Ending age
Imperial Age
RankedLock teamsTeams togetherTeam positionsShared explorationLock speedFull tech treeHidden civsTurbo modeCheats
Victory
Defeat
🇺🇸 Britons · United States
1208
+15
🇮🇹 Maya · Italy
1184
+16
🇷🇺 Magyars · Russia
1166
+17
🇻🇪 Franks · Venezuela
1137
+18
🇨🇳 Inca · China
1231
-19
🇧🇩 Bulgarians · Bangladesh
1203
-17
🇬🇧 Khmer · United Kingdom
1146
-15
🇨🇳 Jurchens · China
1141
-15
HuLB
0:30 Loom
9:20 Feudal Age
9:51 Double-Bit Axe
12:47 Fletching
16:37 Horse Collar
17:12 Gold Mining
21:29 Castle Age
21:27 Padded Archer Armor
Kryptonknight
6:16 Loom
9:19 Feudal Age
9:56 Double-Bit Axe
12:45 Fletching
13:34 Horse Collar
20:21 Castle Age
20:53 Crossbowman
22:06 Bodkin Arrow
sybertuk
8:30 Loom
10:16 Feudal Age
11:38 Double-Bit Axe
11:36 Horse Collar
11:44 Double-Bit Axe
20:39 Castle Age
19:56 Bloodlines
19:54 Scale Barding Armor
21:50 Chain Barding Armor
21:51 Gold Mining
dejame_ganar
6:29 Loom
8:55 Feudal Age
21:42 Castle Age
20:32 Forging
20:27 Scale Barding Armor
YuangXue
11:25 Feudal Age
16:22 Castle Age
14:14 Double-Bit Axe
15:14 Horse Collar
18:16 Scale Barding Armor
20:57 Chain Barding Armor
21:55 Bloodlines
AoBD I Ruman
6:09 Loom
9:02 Feudal Age
9:53 Double-Bit Axe
K
9:43 Feudal Age
15:00 Castle Age
16:02 Fletching
19:18 Padded Archer Armor
有个小草
11:07 Feudal Age
12:20 Loom
16:30 Castle Age
17:19 Elite Skirmisher
17:27 Elite Skirmisher
Connection lost

Rejoining the realm…

Still unreachable

The connection could not be restored.

Session expired

The server has moved on; the page needs a fresh start.